Map: Submarine LE

Players

LiquidClem (Clem)

  • Race: Terran Terran
  • Spawn Location: 11:00

soO - Winner!

  • Race: Zerg Zerg
  • Spawn Location: 5:00

Event: StayAtHomestory Cup #2

VOD

Have the link to the VOD?

Description

Time

  • Played on: June 11, 2020, 7:03 a.m.
  • Length: 19:31

All games in this series

Show
View Real Time Build Order
Export as new Build Order

LiquidClem Terran 

Build Orders: Reaper Expand 

Get SALT Encoding   

  12  0:00  SCV  
  13  0:12  SCV  
  14  0:17  Supply Depot  
  14  0:24  SCV  
  15  0:38  SCV  
  15  0:40  Barracks  
  15  0:42  Refinery  
  16  0:50  SCV  
  17  1:03  SCV  
  18  1:15  SCV  
  19  1:26  Reaper  
  19  1:27  Orbital Command  
  20  1:39  Command Center  
  20  1:47  Supply Depot  
  20  1:52  SCV  
  21  1:58  Marine  
  22  2:04  SCV  
  23  2:10  Factory  
  23  2:16  SCV, Refinery  
  23  2:19  Barracks Reactor  
  24  2:29  SCV  
  25  2:42  SCV  
  26  2:52  Orbital Command  
  26  2:54  SCV  
  26  2:55  Starport  
  27  3:01  Hellion x2  
  31  3:06  SCV  
  31  3:11  Barracks Tech Lab  
  32  3:18  SCV  
  33  3:20  Supply Depot  
  33  3:23  Hellion x2  
  37  3:30  Stimpack  
  37  3:32  SCV x2  
  39  3:44  Command Center  
  39  3:45  SCV  
  39  3:48  SCV  
  41  3:53  Supply Depot  
  41  3:55  Starport Reactor  
  41  3:58  SCV  
  41  4:00  SCV  
  43  4:06  Barracks  
  43  4:07  Factory Reactor  
  43  4:10  SCV  
  43  4:12  SCV  
  43  4:15  Marine, Barracks  
  46  4:19  Supply Depot  
  46  4:22  SCV  
  47  4:24  SCV  
  47  4:27  Engineering Bay  
  47  4:31  Engineering Bay  
  48  4:34  Marine  
  48  4:35  SCV  
  50  4:39  Starport Reactor  
  50  4:40  SCV  
  51  4:47  SCV  
  51  4:50  Refinery  
  51  4:51  Refinery, Marine  
  51  4:52  SCV  
  54  4:53  Terran Infantry Weapons Level 1  
  54  4:57  Terran Infantry Armor Level 1  
  54  4:59  SCV  
  55  5:02  Orbital Command  
  55  5:04  SCV  
  55  5:05  Marine x2  
  58  5:10  Widow Mine x2  
  58  5:11  SCV  
  58  5:12  Marine x2  
  65  5:15  Marine  
  65  5:18  SCV  
  67  5:22  Missile Turret  
  67  5:23  Marine  
  67  5:27  Combat Shield  
  68  5:29  Missile Turret  
  68  5:31  Marine x2  
  68  5:32  Marine  
  71  5:36  SCV  
  71  5:39  Medivac  
  71  5:40  Medivac  
  71  5:42  SCV  
  77  5:47  Widow Mine x2  
  77  5:49  Supply Depot  
  81  5:54  Orbital Command  
  81  5:55  SCV x2, Supply Depot  
  81  5:56  Marine x2  
  85  6:02  Supply Depot  
  85  6:11  Marine x3  
  88  6:15  SCV x2  
  88  6:16  Barracks x2  
  89  6:20  SCV  
  89  6:24  Medivac  
  92  6:26  Medivac  
  92  6:27  SCV, Missile Turret  
  92  6:28  Armory  
  92  6:29  SCV  
  92  6:32  SCV  
  97  6:35  Marine x2  
  97  6:36  Marine x2  
  97  6:39  SCV, Widow Mine x2  
  106  6:40  Marine  
  106  6:41  SCV  
  108  6:47  SCV, Supply Depot  
  109  6:54  Factory  
  109  6:55  Refinery  
  109  7:00  Supply Depot  
  109  7:07  Barracks Reactor  
  109  7:09  SCV x3, Marine x5  
  109  7:15  Supply Depot  
  117  7:16  Supply Depot  
  117  7:18  Supply Depot  
  117  7:22  SCV x2, Widow Mine x2  
  123  7:23  Terran Infantry Weapons Level 2  
  123  7:26  Marine x2  
  122  7:31  Terran Infantry Armor Level 2  
  122  7:32  Supply Depot, Marine  
  122  7:33  Marine  
  124  7:37  Marine  
  124  7:43  Factory Tech Lab  
  124  7:44  Widow Mine, Marine  
  115  7:45  SCV x2  
  115  7:46  SCV  
  115  7:47  Marine x2  
  115  7:50  Barracks Reactor, Command Center  
  117  7:56  Terran Vehicle And Ship Armor Level 1, Marine x2  
  117  7:57  SCV, Widow Mine  
  122  7:58  Medivac  
  122  8:00  Medivac  
  122  8:03  Marine  
  122  8:04  Drilling Claws  
  126  8:08  Supply Depot  
  126  8:10  Supply Depot  
  126  8:13  Thor  
  126  8:16  Marine x2  
  134  8:20  Marine  
  134  8:22  Missile Turret  
  134  8:23  Marine x2  
  134  8:24  Marine  
  134  8:26  Marine x2  
  134  8:27  SCV, Marine  
  140  8:30  Widow Mine x2  
  146  8:36  Refinery  
  146  8:39  Marine  
  147  8:42  Medivac x2  
  147  8:43  Marine  
  147  8:45  Marauder  
  154  8:51  Widow Mine  
  154  8:52  Marine x2  
  154  8:54  Barracks  
  157  8:55  Barracks  
  157  8:56  Barracks  
  157  9:02  Supply Depot, Widow Mine  
  159  9:04  Supply Depot  
  159  9:07  SCV x2  
  162  9:10  Marauder, Marine, Widow Mine  
  162  9:11  Marine x2  
  162  9:13  Marine x2  
  162  9:15  SCV  
  170  9:19  SCV, Missile Turret  
  170  9:20  Missile Turret  
  170  9:21  Marine x3  
  175  9:24  SCV  
  175  9:29  Planetary Fortress, Marine  
  175  9:31  Marauder  
  175  9:32  SCV  
  175  9:35  Marine x2  
  175  9:37  Widow Mine  
  175  9:38  Widow Mine x2  
  186  9:40  Medivac  
  186  9:41  Medivac  
  190  9:45  Barracks Tech Lab  
  190  9:46  Barracks Tech Lab x2  
  190  9:47  SCV  
  190  9:48  SCV  
  182  9:53  Marauder, Marine x2  
  182  9:54  Marine x3  
  182  9:56  Marine  
  182  9:57  SCV  
  182  9:59  Widow Mine  
  191  10:01  Terran Infantry Weapons Level 3  
  191  10:06  Terran Infantry Armor Level 3  
  190  10:14  Marauder  
  190  10:17  SCV  
  190  10:18  SCV  
  190  10:19  Command Center  
  195  10:21  Widow Mine  
  195  10:24  Marine x3  
  195  10:26  Marauder x2  
  198  10:38  Marauder  
  198  10:42  Refinery  
  200  10:44  Refinery, Starport x2  
  200  10:48  Widow Mine  
  176  10:51  Marauder, Marine  
  176  10:52  Thor  
  176  10:53  Medivac, Marine  
  176  10:55  Marauder, Marine x3  
  163  10:57  Marauder  
  163  10:58  Marine x2  
  163  11:01  Widow Mine, Marine x2  
  159  11:09  Widow Mine  
  160  11:11  Marine  
  160  11:12  Marauder  
  160  11:13  Marine x2  
  160  11:18  Marauder  
  145  11:19  Marine  
  145  11:20  SCV x2  
  145  11:22  Widow Mine  
  145  11:23  Marine, Barracks Tech Lab  
  145  11:24  SCV x2  
  133  11:26  Marine  
  133  11:27  Armory  
  133  11:30  Widow Mine  
  133  11:32  SCV, Missile Turret  
  137  11:33  SCV  
  137  11:35  Marine x2, Widow Mine  
  137  11:36  Marine x2  
  137  11:39  SCV  
  145  11:44  SCV, Widow Mine  
  148  11:47  SCV x2, Marine  
  148  11:51  Marine  
  148  11:52  SCV, Widow Mine  
  155  11:54  Marine  
  155  11:55  SCV  
  155  11:59  Marine x2  
  155  12:00  Marine x2  
  155  12:01  SCV x2  
  159  12:03  Marauder  
  159  12:05  Marauder, Widow Mine  
  159  12:06  Marauder  
  159  12:07  Marine  
  168  12:09  Marine  
  168  12:13  Thor  
  173  12:23  Medivac x2  
  173  12:26  Widow Mine  
  173  12:27  Marine, Sensor Tower  
  173  12:28  Marauder x2, Missile Turret  
  183  12:35  Marine x2, Widow Mine  
  173  12:39  Marauder, Marine  
  171  12:46  Marine x3  
  171  12:47  Widow Mine  
  171  12:48  Marauder, Terran Vehicle And Ship Armor Level 2  
  176  12:53  Medivac, Liberator  
  176  12:56  Thor  
  176  12:57  Marauder, Marine x2, Widow Mine  
  178  12:59  Marine x2  
  157  13:08  Marine x2  
  159  13:14  Marine  
  159  13:15  Marauder x2  
  159  13:17  Refinery  
  159  13:18  SCV  
  165  13:22  Liberator  
  165  13:26  Marine x2  
  165  13:27  Marauder x2, Marine x3  
  167  13:29  Widow Mine x2  
  167  13:30  Missile Turret x2  
  176  13:34  Marine  
  176  13:36  Marauder, Marine  
  176  13:39  SCV  
  176  13:41  SCV  
  182  13:43  Widow Mine  
  182  13:44  Missile Turret, Marine  
  183  13:48  Marauder  
  170  13:57  Marauder  
  170  13:58  SCV  
  170  14:01  Widow Mine  
  170  14:02  SCV  
  160  14:05  SCV  
  160  14:09  SCV  
  155  14:11  SCV  
  155  14:15  SCV  
  157  14:19  Planetary Fortress  
  157  14:21  SCV  
  157  14:22  SCV  
  159  14:24  Missile Turret  
  159  14:26  Widow Mine x2  
  159  14:27  Marauder x2, Marine x2  
  159  14:28  Marine  
  170  14:32  Marine x2  
  170  14:34  SCV  
  171  14:38  SCV x2  
  171  14:42  Medivac  
  173  14:46  Marine  
  173  14:47  SCV, Marauder, Marine  
  173  14:50  SCV x2  
  180  14:53  Marine  
  180  14:54  Marauder  
  180  14:56  Marine  
  180  14:59  Marine x2  
  185  15:01  Missile Turret  
  185  15:03  Widow Mine  
  185  15:04  Widow Mine  
  185  15:06  Marauder  
  190  15:13  Marauder x2  
  194  15:18  Widow Mine  
  196  15:24  Widow Mine, Marine x2  
  200  15:30  Command Center  
  200  15:31  Missile Turret  
  200  15:40  Command Center  
  198  16:00  Terran Vehicle And Ship Armor Level 3, Command Center  
  194  16:07  Marauder, Marine, Widow Mine x2  
  194  16:09  Liberator x2  
  194  16:10  Liberator x2  
  180  16:15  Marauder  
  180  16:16  Marine  
  180  16:18  Marine  
  166  16:21  Marauder  
  168  16:30  Widow Mine  
  168  16:31  Marauder  
  162  16:39  Marauder, Marine x4  
  168  16:45  Marauder  
  160  16:49  Thor  
  160  16:51  Liberator x2  
  160  16:52  Marine x2, Liberator  
  169  16:54  Marauder  
  169  16:58  Widow Mine x2  
  169  16:59  Marauder  
  169  17:01  Marauder  
  179  17:08  Orbital Command, Marine, Liberator  
  179  17:09  Marine  
  179  17:11  Marauder  
  179  17:14  SCV, Marine x3  
  178  17:15  SCV  
  178  17:16  Marauder  
  178  17:18  SCV  
  180  17:27  Marauder  
  180  17:28  SCV  
  175  17:37  SCV x2  
  175  17:38  SCV  
  175  17:39  Marine  
  175  17:40  Marauder  
  175  17:44  Orbital Command  
  181  17:47  Liberator x2  
  187  17:53  Marauder x2  
  187  17:54  SCV  
  187  17:58  Marauder  
  187  18:02  Widow Mine x2  
  187  18:11  SCV x2, Marauder  
  179  18:13  Medivac  
  179  18:17  SCV  
  179  18:19  Factory Reactor  
  174  18:23  Medivac, Widow Mine, Marine  
  174  18:24  Marauder  
  174  18:26  Marauder  
  178  18:28  Marine  
  178  18:31  Marine  
  178  18:32  Marine  
  178  18:33  SCV  
  182  18:35  Widow Mine  
  182  18:41  Marauder, Marine x2  
  179  18:46  Marauder, Widow Mine  
  179  18:47  Marine  
  168  18:51  Planetary Fortress  
  168  18:57  SCV  
  168  18:59  SCV  
  169  19:03  Widow Mine  
  169  19:09  Marauder  
Show
View Real Time Build Order
Export as new Build Order

soO Zerg - Winner!

Build Orders: Hatch First, Muta Ling Bane 

Get SALT Encoding   

  12  0:01  Drone  
  13  0:12  Overlord  
  13  0:17  Drone  
  14  0:31  Drone x2  
  16  0:48  Hatchery  
  15  0:51  Drone  
  15  0:55  Drone  
  17  0:58  Drone  
  18  1:09  Extractor  
  17  1:14  Spawning Pool  
  16  1:18  Drone  
  16  1:20  Drone  
  18  1:28  Drone  
  19  1:39  Drone  
  20  1:49  Overlord  
  20  2:00  Queen  
  20  2:01  Zergling x4, Queen  
  26  2:11  Drone x2  
  26  2:13  Metabolic Boost  
  28  2:23  Drone x2  
  30  2:36  Queen  
  31  2:39  Queen  
  31  2:42  Overlord  
  31  2:44  Drone x2  
  34  2:48  Drone  
  36  3:00  Drone x2  
  36  3:05  Overlord  
  38  3:06  Drone  
  38  3:09  Drone x2  
  38  3:11  Drone x3  
  44  3:18  Lair  
  44  3:22  Extractor  
  44  3:24  Drone x3  
  46  3:27  Drone  
  46  3:32  Drone  
  48  3:41  Drone  
  48  3:43  Hatchery  
  48  3:45  Queen  
  50  3:51  Zergling x4  
  52  3:58  Baneling Nest  
  52  4:00  Zergling x2  
  52  4:01  Overlord  
  52  4:06  Overlord  
  52  4:15  Overlord  
  52  4:17  Overlord  
  52  4:19  Drone  
  52  4:21  Drone  
  52  4:22  Spire  
  53  4:25  Drone x4  
  53  4:27  Extractor  
  53  4:28  Extractor  
  55  4:32  Zergling x6  
  55  4:36  Drone x2  
  60  4:43  Drone  
  60  4:44  Queen  
  63  4:50  Drone x2  
  65  4:54  Drone x2  
  65  4:58  Drone  
  66  5:05  Drone  
  65  5:08  Drone x2  
  65  5:09  Drone  
  65  5:11  Overlord  
  68  5:16  Drone x2  
  70  5:26  Overlord  
  70  5:32  Extractor  
  70  5:33  Mutalisk x5  
  70  5:35  Mutalisk  
  81  5:37  Drone x3  
  81  5:38  Drone x3  
  81  5:40  Extractor  
  86  5:45  Drone x3  
  86  5:47  Zerg Flyer Weapons Level 1  
  86  5:48  Drone  
  90  5:50  Evolution Chamber  
  90  5:52  Evolution Chamber  
  90  5:53  Overlord  
  90  5:54  Drone  
  89  6:02  Drone x2  
  89  6:03  Centrifical Hooks  
  91  6:05  Zergling x10  
  91  6:08  Drone  
  97  6:15  Overlord  
  97  6:16  Zerg Ground Armor Level 1  
  97  6:23  Zerg Melee Weapons Level 1, Drone  
  98  6:27  Drone  
  99  6:33  Overlord x2  
  99  6:37  Mutalisk x3  
  105  6:41  Hatchery  
  105  6:45  Mutalisk x2  
  108  6:49  Zergling x10  
  108  6:50  Overlord  
  113  7:00  Mutalisk  
  113  7:01  Mutalisk  
  115  7:04  Zergling x18  
  115  7:07  Baneling  
  115  7:08  Baneling x5  
  126  7:13  Zergling x10  
  126  7:15  Baneling x5  
  131  7:18  Overseer  
  131  7:20  Baneling  
  131  7:21  Zergling x4, Baneling  
  133  7:28  Zergling x2  
  133  7:29  Zergling x6  
  137  7:30  Baneling x4  
  117  7:51  Mutalisk x2  
  117  7:52  Mutalisk  
  117  7:54  Drone x10  
  133  7:58  Baneling x5  
  133  8:01  Zergling x6  
  136  8:09  Overlord  
  136  8:13  Zergling x6  
  136  8:16  Zerg Ground Armor Level 2  
  136  8:19  Overlord  
  139  8:20  Overlord  
  139  8:21  Overlord, Zerg Melee Weapons Level 2  
  139  8:26  Overlord  
  139  8:27  Overlord  
  139  8:30  Zergling x8  
  143  8:34  Overlord x2, Extractor  
  143  8:38  Overlord x2  
  143  8:40  Zergling x10  
  147  8:44  Zerg Flyer Weapons Level 2  
  147  8:46  Pneumatized Carapace  
  147  8:47  Overseer  
  147  8:49  Zergling x20  
  157  8:58  Drone x3  
  157  9:00  Baneling x5  
  157  9:01  Baneling x2  
  157  9:02  Zergling x12  
  167  9:10  Zergling x6  
  167  9:12  Baneling  
  167  9:13  Baneling x6  
  169  9:17  Zergling x12  
  175  9:27  Zergling x24  
  187  9:32  Baneling x2  
  187  9:39  Zergling x8  
  187  9:40  Baneling  
  187  9:41  Baneling x15  
  190  9:51  Zergling x12  
  192  9:56  Infestation Pit  
  192  9:59  Zergling x16  
  198  10:01  Overseer x2  
  198  10:05  Baneling x8  
  198  10:06  Baneling x9  
  198  10:19  Zergling x2  
  198  10:20  Zergling x14  
  200  10:26  Hatchery  
  195  10:31  Baneling x7  
  195  10:32  Baneling x2  
  195  10:35  Baneling x2  
  195  10:36  Zergling x8, Baneling x4  
  195  10:42  Baneling x11  
  199  10:44  Hive  
  163  10:57  Zergling x24  
  173  11:05  Zergling x2  
  173  11:06  Zergling x16  
  161  11:21  Zergling x10  
  161  11:25  Mutalisk  
  156  11:31  Baneling x20  
  156  11:33  Drone x9  
  156  11:36  Mutalisk, Baneling x2  
  156  11:38  Overseer  
  167  11:52  Zergling x2  
  167  11:53  Zergling x12  
  174  12:00  Zerg Ground Armor Level 3  
  174  12:01  Zerg Melee Weapons Level 3  
  174  12:03  Adrenal Glands  
  174  12:05  Zergling x18  
  174  12:06  Zergling x6  
  186  12:09  Extractor  
  185  12:15  Overseer  
  185  12:18  Zerg Flyer Weapons Level 3  
  185  12:19  Zergling x18  
  194  12:23  Baneling x6  
  186  12:37  Zergling x28  
  186  12:39  Baneling x8  
  197  12:46  Mutalisk  
  171  13:01  Zergling x40  
  166  13:08  Mutalisk x3  
  166  13:09  Ultralisk Cavern  
  166  13:11  Zergling x4  
  171  13:14  Mutalisk  
  173  13:27  Mutalisk x3  
  168  13:30  Zergling x22  
  185  13:35  Baneling x8  
  185  13:39  Hatchery  
  184  13:43  Baneling x8  
  184  13:48  Zergling x20  
  163  14:10  Ultralisk x2  
  163  14:11  Zergling x30  
  163  14:13  Chitinous Plating  
  186  14:21  Baneling x10  
  185  14:25  Baneling x4  
  185  14:27  Overlord x2  
  185  14:28  Overlord  
  185  14:35  Overlord  
  185  14:37  Overlord  
  181  14:47  Drone  
  181  14:48  Drone  
  181  14:49  Overseer  
  182  14:53  Overseer  
  182  14:55  Zerg Flyer Armor Level 1, Drone  
  182  14:56  Zergling x8  
  182  14:57  Zergling x26  
  195  15:18  Zergling x8  
  199  15:27  Drone x2  
  196  15:28  Spore Crawler  
  196  15:31  Anabolic Synthesis  
  196  15:32  Zergling x6  
  196  15:33  Zergling x2, Baneling  
  196  15:34  Baneling x2  
  197  15:48  Zergling x10  
  156  16:19  Zergling x26, Ultralisk x3  
  156  16:20  Zergling x16  
  184  16:27  Zergling x4  
  184  16:31  Zergling x4, Ultralisk x4  
  200  16:39  Overlord  
  197  16:40  Overlord  
  197  16:42  Zergling x4  
  197  16:45  Zergling x4  
  197  16:46  Zergling x2  
  194  16:53  Mutalisk x5  
  192  16:55  Baneling x6  
  192  16:56  Baneling x4  
  192  16:57  Zergling x2  
  192  16:58  Zergling x14  
  195  17:12  Zergling x16  
  190  17:28  Zergling x2, Ultralisk  
  190  17:29  Zergling x16  
  192  17:40  Zergling x12  
  197  17:53  Zergling x6  
  192  18:07  Corruptor x5  
  193  18:15  Spore Crawler  
  179  18:20  Baneling x4  
  179  18:24  Corruptor x2  
  179  18:25  Corruptor x2  
  179  18:30  Queen x2  
  182  18:34  Zergling x28  
  191  18:50  Baneling  
  191  18:53  Spore Crawler, Overseer  
  191  18:54  Spore Crawler  
  191  18:55  Zergling x12, Spore Crawler  
  189  18:56  Zergling x8  
  189  18:58  Baneling x10  
  198  19:04  Zergling x4  
Tags
 
Add a new tag
Caveats
  • Supply blocks, unpowered buildings, or Contaminate may cause inaccurate times.
  • Supply counts are checked every 10 seconds.